 Dungeon Crawl Stone Soup version 5.4-101-gcf516dc (webtiles) character file.

69915 sdynet the Brawler (level 17, -1/149 HPs)
             Began as a Ghoul Monk on Mar 18, 2018.
             Was a High Priest of Dithmenos.
             Killed themself with a badly aimed orb of electricity (10 damage)
             ... on level 2 of the Vaults.
             The game lasted 02:27:54 (24264 turns).

sdynet the Brawler (Ghoul Monk)                    Turns: 24264, Time: 02:27:55

Health: -1/149     AC: 22 (28%)Str: 23  XL:     17   Next: 93%
Magic:  0/20       EV: 15    Int:  5    God:    Dithmenos [5*[159]]
Gold:   1146       SH: 12    Dex: 15    Spells: 22/24 levels left

rFire    . . .     SeeInvis +   (no weapon)
rCold    + . .     Faith    .   n - +0 shield
rNeg     + + +     Spirit   +   b - +4 scale mail of Fortification {Regen+ Stlth+}
rPois    ∞         Reflect  .   p - +2 helmet
rElec    .                      C - +1 cloak {Stlth+}
rCorr    .                      (no gloves)
MR       +++++                  c - +2 pair of boots {Stlth+}
Stlth    ++++++++++             L - amulet of guardian spirit
Regen    0.0/turn               r - +6 ring of evasion
MPRegen  0.3/turn               i - +5 ring of strength

@: shadow-form, marked, wreathed by umbra, repel missiles, heavily drained,
invisible
A: hp from kills, claws 1, cold resistance 1, negative energy resistance 3,
inhibited regeneration, torment resistance, unbreathing
}: 1/9 runes: barnacled
a: Stop Repelling Missiles, End Transformation, Shadow Step, Shadow Form,
Renounce Religion


You were on level 2 of the Vaults.
You worshipped Dithmenos.
Dithmenos was extremely pleased with you.
You were not hungry.
You were a swirling mass of dark shadows.
You visited 4 branches of the dungeon, and saw 22 of its levels.

You collected 2813 gold pieces.
You spent 1667 gold pieces at shops.

Inventory:

Missiles
 e - 313 javelins
 m - 445 poisoned darts (quivered)
 u - 2 tomahawks of dispersal
 x - 59 tomahawks
 A - 7 javelins of penetration
 F - 34 silver javelins
Armour
 b - the +4 scale mail of Fortification (worn) {Regen+ Stlth+}
   (You found it on level 7 of the Dungeon)

   It increases your rate of regeneration.
   It makes you more stealthy.
 c - a +2 pair of boots of stealth (worn)
 n - a +0 shield (worn)
 p - a +2 helmet (worn)
 C - a +1 cloak of stealth (worn)
 E - the +5 scale mail "Ynathryh" {rF+}
   (You found it on level 15 of the Dungeon)

   It protects you from fire.
Jewellery
 i - a +5 ring of strength (right claw)
 r - a +6 ring of evasion (left claw)
 G - an uncursed ring of ice
 L - an amulet of guardian spirit (around neck)
Wands
 a - a wand of confusion (4)
 g - a wand of flame (12)
 j - a wand of iceblast (1)
 z - a wand of lightning (12)
 B - a wand of paralysis (5)
 D - a wand of polymorph (8)
 K - a wand of disintegration (6)
 N - a wand of digging (7)
Scrolls
 d - 10 scrolls of amnesia
 f - a scroll of teleportation
 k - 3 scrolls of enchant armour
 o - 4 scrolls of enchant weapon
 q - 2 scrolls of noise
 s - 4 scrolls of fog
 t - 3 scrolls of fear
 y - a scroll of vulnerability
 J - a scroll of magic mapping
 M - a scroll of silence
Potions
 h - a potion of flight
 H - a potion of magic
Miscellaneous
 v - a disc of storms
 O - a box of beasts


   Skills:
 - Level 13.1(11.0) Fighting
 - Level 3.0(0.9) Throwing
 - Level 12.0(9.9) Armour
 - Level 2.6(0.5) Dodging
 - Level 5.1(3.0) Stealth
 - Level 11.3(9.2) Shields
 - Level 18.1(16.0) Unarmed Combat
 - Level 4.1(2.0) Spellcasting
 - Level 4.7(2.6) Charms
 - Level 4.2(2.1) Air Magic
 - Level 11.3(9.2) Invocations
 + Level 8.0(5.9) Evocations


You had 22 spell levels left.
You knew the following spells:

 Your Spells              Type           Power        Failure   Level  Hunger
w - Repel Missiles        Chrm/Air       1 (100)      32%         2    N/A

Dungeon Overview and Level Annotations

Branches:
Dungeon (15/15) Shoals (3/3) Orc:2 Slime (0/4) Orc:2 Orc (2/2) D:15 Vaults (2/3) D:15 Shoals:3 Depths (0/3) D:15 Snake: Orc:2 Spider: Orc:2

Altars:
Cheibriados
Dithmenos
Elyvilon
Gozag
Jiyva
Kikubaaqudgha
Makhleb
Nemelex Xobeh
Okawaru
Qazlal
Ru
Sif Muna
Trog
Uskayaw
Vehumet
Wu Jian
Xom
Yredelemnul
Zin
The Shining One

Shops:
D:7 *   D:14 *   Orc:2 }?[?   Shoals:2 :*[:

Portals:
Pandemonium: Orc:2

Annotations:
D:4 exclusion: door
D:14 1 runed door, exclusion: ice statue
D:15 exclusion: 4 doors


Innate Abilities, Weirdness & Mutations

You restore health by killing enemies.
You are immune to poison.
You have sharp fingernails.
Your flesh is cold resistant. (rC+)
You are immune to negative energy. (rN+++)
You do not regenerate when monsters are visible.
You are immune to unholy pain and torment.
You can survive without breathing.


Message History

Evoke which item? (* to show all) (? for menu, Esc to quit)
Nothing appears to happen.
The deep troll bites you but does no damage.
You block the deep troll's attack. The deep troll barely misses you.
The skeletal warrior hits you but does no damage.
You block the imperial myrmidon's attack.
The fire giant hits you with a +0 great mace of flaming (17)!
* * * LOW HITPOINT WARNING * * *
You emit a cloud of dark smoke.
You feel drained. The fire giant burns you (1). You block the sphinx's attack.
The sphinx hits you (1). The sphinx hits you but does no damage.
Evoke which item? (* to show all) (? for menu, Esc to quit)
The disc erupts in an explosion of electricity!
The orb of electricity explodes!
The orb of electricity engulfs the fire giant (13).
The fire giant is lightly wounded.
The orb of electricity engulfs the deep troll (15).
The deep troll is moderately wounded.
The orb of electricity engulfs you!
That hurt (20)!
You die... #.....##### #..{.{# #.pp{.# #..{..# #.{{p.# { { #.{{..# #§T§z.# #HpCz.#

#TW§§.# #§§§§.# #§§...#
#.....# #.....# #.....#
######.....#
...........#
........)..#############


You could see a fire giant, a sphinx, an imperial myrmidon, 2 skeletal warriors
and 2 deep trolls.

Vanquished Creatures
  Kirke (Shoals:3)
  Ilsuiw (Shoals:3)
  4 vault wardens (Vaults:1)
  A frost giant (Shoals:3)
  8 ironheart preservers
  A stone giant (Vaults:2)
  A war gargoyle (Vaults:2)
  A deep elf demonologist (Vaults:2)
  A deep elf annihilator (Vaults:2)
  A deep elf death mage (Vaults:2)
  A spark wasp (shapeshifter) (D:15)
  9 merfolk javelineers
  8 merfolk impalers
  A yaktaur captain (Vaults:1)
  3 ogre magi
  A hydra (D:14)
  A hydra (shapeshifter) (D:15)
  Erica (D:9)
  4 merfolk aquamancers (Shoals:3)
  8 two-headed ogres
  6 centaur warriors
  2 satyrs (Shoals:3)
  7 orc high priests
  Sonja (D:14)
  4 deep elf knights (Vaults:2)
  A fire crab (D:14)
  5 skeletal warriors (Vaults:2)
  A sixfirhy (Orc:2)
  A glowing orange brain (D:15)
  2 deep trolls (Vaults:2)
  A gelid demonspawn (Orc:2)
  10 sea snakes
  An unseen horror (shapeshifter) (Vaults:1)
  2 deep elf archers
  A torturous demonspawn (Orc:2)
  14 harpies
  A necromancer (Vaults:1)
  A wolf spider zombie (D:13)
  A harpy (shapeshifter) (D:15)
  10 ironbrand convokers
  12 orc knights
  A frost giant zombie (Vaults:1)
  7 orc sorcerers
  16 ugly things
  12 manticores
  4 cyclopes
  11 fauns
  7 deep elf magi
  12 sirens
  An elephant (shapeshifter) (D:15)
  9 vault sentinels
  A gargoyle (D:10)
  A rust devil (Orc:2)
  Psyche (D:10)
  An orb spider (shapeshifter) (D:15)
  4 water nymphs
  3 ice statues (D:14)
  15 yaktaurs
  2 orange demons (Orc:2)
  3 spiny frogs
  An efreet (D:13)
  A komodo dragon (shapeshifter) (Vaults:1)
  A kobold demonologist (D:8)
  A rime drake (D:10)
  2 freezing wraiths
  11 merfolk
  3 polar bears (D:8)
  6 meliai
  7 trolls
  A troll (shapeshifter) (Vaults:1)
  5 wind drakes
  Prince Ribbit (D:5)
  8 slime creatures
  4 snapping turtles
  2 meliai zombies (D:10)
  A shadow (D:14)
  5 hogs (Shoals:3)
  2 wraiths
  5 water elementals
  A vampire (D:15)
  7 wyverns
  A yak (D:8)
  4 angry ghosts
  5 wargs
  A warg (shapeshifter) (D:15)
  3 spiny frog zombies (D:10)
  Edmund (D:4)
  3 acid dragons
  2 water moccasins
  A black bear (D:10)
  25 ice beasts
  A wasp (D:9)
  55 orc warriors
  16 ogres
  2 human skeletons (Vaults:1)
  A blink frog zombie (D:10)
  4 boggarts (Vaults:1)
  9 centaurs
  A wolf (D:8)
  2 blink frog skeletons
  A crocodile (shapeshifter) (D:15)
  A rime drake skeleton (D:10)
  2 gnoll sergeants (D:15)
  2 bullfrogs
  16 big kobolds
  A water moccasin zombie (D:5)
  2 wyvern zombies
  2 wyvern skeletons
  2 scorpions
  A blink frog simulacrum (D:8)
  4 crimson imps
  6 killer bees (D:13)
  17 wights
  2 electric eels (D:13)
  3 howler monkeys
  A quasit (D:7)
  A wasp zombie (D:11)
  6 centaur zombies
  3 hounds
  24 orc priests
  A gnoll shaman (D:5)
  17 orc wizards
  2 bullfrog skeletons
  10 centaur skeletons
  2 worker ants
  An iguana (D:4)
  2 centaur simulacra
  A hound skeleton (D:6)
  A mummy (D:10)
  A howler monkey zombie (D:5)
  8 adders
  6 gnolls
  A shadow imp (D:6)
  A white imp (D:8)
  An ooze (D:2)
  3 dart slugs
  84 orcs
  8 quokkas
  8 bats
  A bat zombie (D:4)
  5 giant cockroaches
  12 goblins
  8 hobgoblins
  9 jackals
  22 kobolds
  6 frilled lizards
  27 rats
  2 rat zombies (D:4)
811 creatures vanquished.

Vanquished Creatures (collateral kills)
  2 sea snakes (Shoals:1)
  A faun (Shoals:1)
  A water nymph (Shoals:1)
  2 merfolk (Shoals:1)
6 creatures vanquished.

Vanquished Creatures (others)
  A freezing wraith (Vaults:1)
  3 merfolk
  An orc priest (Vaults:1)
  6 plants
11 creatures vanquished.

Grand Total: 828 creatures vanquished

Notes
Turn   | Place    | Note
-------+----------+-------------------------------------------
     0 | D:1      | sdynet the Ghoul Monk began the quest for the Orb.
     0 | D:1      | Reached XP level 1. HP: 19/19 MP: 2/2
   241 | D:1      | Reached XP level 2. HP: 17/26 MP: 3/3
   277 | D:1      | Reached skill level 1 in Armour
   653 | D:1      | Reached XP level 3. HP: 30/31 MP: 4/4
   887 | D:2      | Reached skill level 4 in Unarmed Combat
  1002 | D:2      | Reached XP level 4. HP: 34/38 MP: 5/5
  1010 | D:2      | Found a shadowy altar of Dithmenos.
  1038 | D:2      | Became a worshipper of Dithmenos the Shadowed
  1038 | D:2      | Reached * piety under Dithmenos
  1038 | D:2      | Reached ** piety under Dithmenos
  1054 | D:2      | Found a radiant altar of Vehumet.
  1342 | D:2      | Reached XP level 5. HP: 45/45 MP: 6/6
  1350 | D:2      | Found a burning altar of Makhleb.
  1398 | D:2      | Found a sacrificial altar of Ru.
  1488 | D:2      | Found an iron altar of Okawaru.
  1543 | D:2      | Found a white marble altar of Elyvilon.
  1543 | D:2      | Found a snail-covered altar of Cheibriados.
  1596 | D:3      | Reached *** piety under Dithmenos
  1596 | D:3      | Reached skill level 5 in Unarmed Combat
  1617 | D:3      | Found a basalt altar of Yredelemnul.
  1746 | D:3      | Reached skill level 1 in Shields
  1939 | D:3      | Found a faded altar of an unknown god.
  1944 | D:3      | Reached XP level 6. HP: 51/51 MP: 7/7
  2299 | D:4      | Noticed Edmund
  2299 | D:4      | Noticed an ice beast
  2401 | D:4      | Found a sparkling altar of Nemelex Xobeh.
  2432 | D:4      | Killed an ice beast
  2433 | D:4      | Reached skill level 6 in Unarmed Combat
  2434 | D:4      | Killed Edmund
  2434 | D:4      | Reached XP level 7. HP: 57/57 MP: 8/8
  2680 | D:4      | Reached **** piety under Dithmenos
  2716 | D:4      | Found an ancient bone altar of Kikubaaqudgha.
  2956 | D:4      | Found a glowing golden altar of the Shining One.
  3087 | D:5      | Entered Level 5 of the Dungeon
  3239 | D:5      | Reached skill level 7 in Unarmed Combat
  3366 | D:5      | Noticed Prince Ribbit
  3423 | D:5      | Reached XP level 8. HP: 63/63 MP: 9/9
  3952 | D:5      | Found a viscous altar of Jiyva.
  4070 | D:5      | Killed Prince Ribbit
  4070 | D:5      | Reached skill level 8 in Unarmed Combat
  4310 | D:5      | Reached skill level 5 in Armour
  4383 | D:5      | Found a bloodstained altar of Trog.
  4590 | D:5      | Found a deep blue altar of Sif Muna.
  4621 | D:5      | Found a shimmering altar of Xom.
  4797 | D:6      | Reached skill level 1 in Throwing
  4878 | D:6      | Reached skill level 9 in Unarmed Combat
  4878 | D:6      | Reached XP level 9. HP: 69/71 MP: 10/10
  5002 | D:6      | Found a sparkling altar of Nemelex Xobeh.
  5114 | D:6      | Found a stormy altar of Qazlal.
  5423 | D:7      | Found an opulent altar of Gozag.
  5427 | D:7      | Found Gozag's Platinum Reserve.
  5588 | D:7      | Found an ornate altar of the Wu Jian Council.
  5675 | D:7      | Reached ***** piety under Dithmenos
  5799 | D:7      | Found a hide-covered altar of Uskayaw.
  5811 | D:7      | Got the +4 scale mail of Fortification {Regen+ Stlth+}
  5852 | D:7      | Found a glowing silver altar of Zin.
  6014 | D:7      | Reached skill level 5 in Fighting
  6014 | D:7      | Reached skill level 10 in Unarmed Combat
  6107 | D:8      | Reached skill level 5 in Shields
  6117 | D:8      | Noticed a polar bear
  6145 | D:8      | Killed a polar bear
  6157 | D:8      | Reached XP level 10. HP: 77/81 MP: 10/12
  6685 | D:8      | Reached skill level 11 in Unarmed Combat
  6992 | D:8      | Noticed a kobold demonologist
  6994 | D:8      | Killed a kobold demonologist
  6994 | D:8      | Reached skill level 5 in Invocations
  7398 | D:9      | Noticed Erica
  7440 | D:9      | Killed Erica
  7440 | D:9      | Reached XP level 11. HP: 91/91 MP: 14/14
  7753 | D:10     | Entered Level 10 of the Dungeon
  8214 | D:10     | Reached skill level 12 in Unarmed Combat
  8372 | D:10     | Reached ****** piety under Dithmenos
  8604 | D:10     | Noticed Psyche
  8619 | D:10     | Killed Psyche
  8958 | D:11     | Noticed a manticore
  9017 | D:11     | Killed a manticore
  9061 | D:11     | Noticed a two-headed ogre
  9072 | D:11     | Killed a two-headed ogre
  9145 | D:11     | Reached XP level 12. HP: 101/101 MP: 16/16
  9210 | D:11     | Got the -5 buckler of Rohy {MR++ Regen+}
  9333 | D:11     | Noticed a two-headed ogre
  9345 | D:11     | Killed a two-headed ogre
  9345 | D:11     | Reached skill level 5 in Stealth
  9767 | D:11     | Reached skill level 13 in Unarmed Combat
  9919 | D:12     | Noticed a two-headed ogre
  9933 | D:12     | Killed a two-headed ogre
 10365 | D:12     | Noticed an orc warlord
 10489 | D:12     | Found a burning altar of Makhleb.
 10490 | D:12     | Noticed an orc high priest
 10914 | D:12     | Paralysed by an orc sorcerer for 4 turns
 10923 | D:12     | Noticed a soul eater
 11216 | D:12     | Killed an orc high priest
 11346 | D:13     | Reached XP level 13. HP: 98/111 MP: 18/18
 11478 | D:13     | Reached skill level 14 in Unarmed Combat
 11729 | D:13     | Found a hide-covered altar of Uskayaw.
 12428 | D:14     | Found Eliklim's General Store.
 12957 | D:14     | Reached skill level 10 in Fighting
 13241 | D:14     | Found a radiant altar of Vehumet.
 13354 | D:14     | Found a runed door.
 13355 | D:14     | Noticed a deep elf annihilator
 13355 | D:14     | Noticed an ettin
 13427 | D:14     | Noticed Sonja
 13436 | D:14     | Killed Sonja
 13540 | D:15     | Entered Level 15 of the Dungeon
 13568 | D:15     | Found a staircase to the Orcish Mines.
 13792 | D:15     | Found a gate to the Vaults.
 13792 | D:15     | Noticed a vault guard
 13792 | D:15     | Noticed a vault guard
 13792 | D:15     | Noticed a vault guard
 14032 | D:15     | Reached skill level 15 in Unarmed Combat
 14052 | D:15     | Reached XP level 14. HP: 110/122 MP: 20/20
 14356 | D:15     | Noticed an azure jelly
 14357 | D:15     | an azure jelly changed into a death yak
 14363 | D:15     | Noticed a subtractor snake
 14363 | D:15     | a death yak changed into a subtractor snake
 14367 | D:15     | Noticed an emperor scorpion
 14367 | D:15     | a subtractor snake changed into an emperor scorpion
 14369 | D:15     | an emperor scorpion changed into a nine-headed hydra
 14415 | D:15     | Reached skill level 10 in Invocations
 14426 | D:15     | Reached skill level 10 in Armour
 14442 | D:15     | Found a staircase to the Depths.
 14753 | D:15     | Got the +5 scale mail "Ynathryh" {rF+}
 14777 | Orc:1    | Entered Level 1 of the Orcish Mines
 15190 | Orc:2    | Entered Level 2 of the Orcish Mines
 15225 | Orc:2    | Found a staircase to the Shoals.
 16065 | Orc:2    | Found a staircase to the Slime Pits.
 16066 | Orc:2    | Found a viscous altar of Jiyva.
 16252 | Orc:2    | Found Qicvuvak's Magic Scroll Shop.
 16254 | Orc:2    | Found Kuplug's Magic Scroll Boutique.
 16542 | Orc:2    | Bought a scroll of fear for 38 gold pieces
 16544 | Orc:2    | Bought a scroll of holy word for 97 gold pieces
 16544 | Orc:2    | Bought a scroll of summoning for 123 gold pieces
 16915 | Orc:2    | Reached skill level 16 in Unarmed Combat
 17169 | Orc:2    | Found Mausehol's Antique Armour Shoppe.
 17169 | Orc:2    | Found Gupnexteqi's Gadget Emporium.
 17169 | Orc:2    | Found a one-way gate leading to the halls of Pandemonium.
 17178 | Orc:2    | Bought a phantom mirror for 330 gold pieces
 17217 | Orc:2    | Bought a scroll of enchant armour for 82 gold pieces
 17262 | Shoals:1 | Entered Level 1 of the Shoals
 17279 | Shoals:1 | Reached XP level 15. HP: 82/130 MP: 22/22
 17626 | Shoals:1 | Reached skill level 10 in Shields
 18109 | Shoals:2 | Found Ebarch's Armour Shop.
 18193 | Shoals:2 | Found Tes Pakk's Book Shoppe.
 18285 | Shoals:2 | Found Xoboc's Assorted Antiques.
 18316 | Shoals:2 | Bought a potion of heal wounds for 175 gold pieces
 18316 | Shoals:2 | Bought a scroll of blinking for 262 gold pieces
 18736 | Shoals:2 | Found Edghag's Book Emporium.
 18866 | Shoals:2 | Bought a book of Air for 560 gold pieces
 18869 | Shoals:2 | Learned a level 2 spell: Repel Missiles
 18919 | Shoals:3 | Entered Level 3 of the Shoals
 18992 | Shoals:3 | Reached skill level 17 in Unarmed Combat
 18992 | Shoals:3 | Reached skill level 1 in Spellcasting
 19148 | Shoals:3 | Noticed a frost giant
 19160 | Shoals:3 | Reached skill level 1 in Air Magic
 19162 | Shoals:3 | Reached skill level 1 in Charms
 19162 | Shoals:3 | Killed a frost giant
 19162 | Shoals:3 | Reached XP level 16. HP: 128/139 MP: 23/23
 19178 | Shoals:3 | Found a gate to the Vaults.
 19189 | Shoals:3 | Got a barnacled rune of Zot
 19406 | Shoals:3 | Noticed Kirke
 19473 | Shoals:3 | Killed Kirke
 19758 | Shoals:3 | Noticed Ilsuiw
 21085 | Shoals:3 | Killed Ilsuiw
 21300 | Vaults:1 | Entered Level 1 of the Vaults
 21425 | Vaults:1 | Paralysed by an ogre mage for 7 turns
 22014 | Vaults:1 | Reached XP level 17. HP: 143/148 MP: 15/19
 22164 | Vaults:1 | Reached skill level 18 in Unarmed Combat
 23059 | Vaults:2 | Reached skill level 1 in Evocations
 23375 | Vaults:2 | Reached skill level 5 in Evocations
 23967 | Vaults:2 | Noticed a sphinx
 24009 | Vaults:2 | HP: 6/149 [bounced beam (16)]
 24264 | Vaults:2 | Killed themself with a badly aimed orb of electricity

Skill      XL: |  1  2  3  4  5  6  7  8  9 10 11 12 13 14 15 16 17 |
---------------+----------------------------------------------------+-----
Armour         | 1 2 3 4 5 6 7 8 9 10 11 12 | 12.0
Unarmed Combat | 4 5 6 7 9 10 11 12 13 15 16 17 18 | 18.1
Shields        | 1 2 4 5 6 7 8 9 10 11 | 11.3
Throwing       | 1 2 3 |  3.0
Fighting       | 4 5 6 7 9 10 11 12 13 | 13.1
Invocations    | 4 5 7 8 9 10 11 | 11.3
Stealth        | 4 5 |  5.1
Spellcasting   | 1 3 4 |  4.1
Air Magic      | 1 3 4 |  4.2
Charms         | 1 4 |  4.7
Evocations     | 8 |  8.0
Dodging        | |  2.6

Action                   |  1- 3 |  4- 6 |  7- 9 | 10-12 | 13-15 | 16-18 || total
-------------------------+-------+-------+-------+-------+-------+-------++-------
Melee: Unarmed           |   120 |   222 |   340 |   635 |  1205 |   839 ||  3361
       Punch             |     2 |     3 |       |       |       |       ||     5
Throw: Stone             |     2 |       |       |       |       |       ||     2
       Poisoned dart     |       |       |    12 |    72 |    76 |   145 ||   305
       Javelin           |       |       |     8 |    14 |    20 |     8 ||    50
       Curare dart       |       |       |       |       |     7 |       ||     7
 Cast: Repel Missiles    |       |       |       |       |       |     1 ||     1
Invok: Shadow Form       |       |       |       |       |     3 |     7 ||    10
 Abil: End Transformatio |       |       |       |       |       |     3 ||     3
Evoke: Wand              |       |     3 |     6 |     4 |    17 |    11 ||    41
       Phantom mirror    |       |       |       |       |     1 |       ||     1
       Disc of storms    |       |       |       |       |       |    34 ||    34
  Use: Scroll            |       |       |     3 |     5 |     3 |    12 ||    23
       Potion            |       |       |       |     2 |    12 |     5 ||    19
 Stab: Sleeping          |     1 |     7 |     5 |    25 |    24 |    14 ||    76
       Distracted        |       |       |     2 |     6 |     9 |     4 ||    21
       Invisible         |       |       |       |     4 |    17 |    23 ||    44
       Confused          |       |       |       |     1 |     1 |       ||     2
       Paralysed         |       |       |       |       |     5 |     1 ||     6
Armor: Robe              |     5 |       |       |       |       |       ||     5
       Scale mail        |    34 |    76 |   101 |   106 |   297 |   186 ||   800
       Chain mail        |       |       |    34 |       |       |       ||    34
Dodge: Dodged            |    70 |    88 |    98 |   253 |   709 |   419 ||  1637
       Deflected         |       |       |       |       |       |    19 ||    19
Block: Shield            |       |    30 |   134 |   241 |   643 |   387 ||  1435
